[Event "Team 45 45 League T42"]
[Site "Internet Chess Club"]
[Date "2009.08.24"]
[Round "4"]
[White "kingphisch"]
[Black "kidcobra"]
[Result "0-1"]
[WhiteElo "1579"]
[BlackElo "1489"]
[Opening "Scotch gambit: Dubois-Réti defense"]
[ECO "C55"]
[Time "14:00:49"]
[TimeControl "2700+45"]

1. e4 e5 2. Nf3 Nc6 3. d4 exd4 4. Bc4 Nf6 5. e5 Bb4+ 6. c3 dxc3 7. bxc3 Ba5 8.
exf6 Qxf6 9. Qe2+ Ne7 10. Bb2 O-O 11. O-O Re8 12. Re1 d6 13. Qd2 Bg4 14. Ng5 d5
15. Bd3 Ng6 16. Na3 d4 17. Nb5 a6 18. Bxg6 hxg6 19. Nxd4 c5 20. Nb3 Red8 21. Qe3
Bb6 22. Ne4 Qe6 23. c4 Rac8 24. Qc3 f6 25. Ng5 Qd7 26. h3 fxg5 27. hxg4 Rf8 28.
Rad1 Qf7 29. Kh1 Rc7 30. Re3 Re7 31. Rf3 Qe8 32. Rxf8+ Qxf8 33. Qd2 Bc7 34. Qd5+
Kh8 35. Qxg5 Qe8 36. Qd2 Re2 37. Qc3 Qe7 38. Nxc5 Be5 39. Qh3+ Kg8 40. Bxe5 Rxe5
41. Nd3 Re2 42. Nf4 Re1+ 43. Rxe1 Qxe1+ 44. Kh2 Qe5 45. g3 Qd4 46. Nxg6 Qxf2+
47. Qg2 Qf6 48. Qd5+ Kh7 49. Qh5+ Kg8 50. Qh8+ Kf7 51. Qf8+ Kxg6 52. Qxf6+ Kxf6
53. Kh3 Kg5 54. a4 a5 55. c5 g6 56. Kg2 Kxg4 57. Kf2 Kh3 58. Kf3 g5 59. g4 Kh4
60. Kf2 Kxg4 61. Kg2 Kf4 62. Kf2 g4 63. Kg2 g3 64. Kg1 Ke5 65. Kg2 Kd5 66. Kxg3
Kxc5 67. Kf3 Kb4 68. Ke3 Kxa4 69. Kd3 Kb3 70. Kd2 Kb2 {White resigns} 0-1

[Event "Team 45 45 League T42"]
[Site "Internet Chess Club"]
[Date "2009.08.23"]
[Round "4"]
[White "Skyler"]
[Black "twintower"]
[Result "0-1"]
[WhiteElo "1413"]
[BlackElo "1464"]
[Opening "French: exchange variation"]
[ECO "C01"]
[Time "16:00:18"]
[TimeControl "2700+45"]

1. e4 e6 2. d4 d5 3. exd5 exd5 4. c4 Nf6 5. Nc3 Bb4 6. Bg5 O-O 7. Be2 Re8 8. Nf3
Qe7 9. Ne5 Nbd7 10. Bf4 Ne4 11. Qb3 Bxc3+ 12. bxc3 Qf6 13. Nd3 c6 14. O-O Nb6
15. c5 Nc4 16. Qc2 Nxc3 17. Be5 Nxe2+ 18. Qxe2 Qg5 19. Rfe1 Bh3 20. Qf3 Bg4 21.
Qg3 Qg6 22. h3 Bf5 23. Qxg6 Bxg6 24. Nf4 Nxe5 25. Rxe5 Rxe5 26. dxe5 Re8 27.
Nxg6 hxg6 28. Re1 Kf8 29. Kf1 f6 30. exf6 Rxe1+ 31. Kxe1 gxf6 32. Ke2 Ke7 33.
Ke3 Ke6 34. f4 b6 35. cxb6 axb6 36. g4 f5 37. gxf5+ Kxf5 38. Kf3 c5 39. a4 d4
40. h4 c4 41. h5 gxh5 42. Ke2 Kxf4 43. Kd2 h4 44. Ke2 h3 45. Kf2 c3 46. Kg1 c2
47. Kf2 c1=Q 48. Ke2 Qc3 49. a5 Qc2+ 50. Kf1 Kf3 51. Kg1 Qg2# {White checkmated}
0-1

[Event "Team 45 45 League T42"]
[Site "Internet Chess Club"]
[Date "2009.08.22"]
[Round "4"]
[White "Masterntraining"]
[Black "Timotheous"]
[Result "0-1"]
[WhiteElo "1739"]
[BlackElo "1722"]
[Opening "Sicilian: Grand Prix attack"]
[ECO "B23"]
[Time "07:02:07"]
[TimeControl "2700+45"]

1. e4 c5 2. Nc3 Nc6 3. f4 g6 4. Nf3 Bg7 5. Bb5 Nd4 6. O-O Nxb5 7. Nxb5 d5 8.
exd5 Nf6 9. c4 O-O 10. Nc3 a6 11. d3 Ne8 12. Kh1 Nd6 13. Ne4 b6 14. Rb1 Nf5 15.
Re1 e6 16. dxe6 Bxe6 17. b3 Nd4 18. Neg5 Bf5 19. Ne4 Re8 20. Bb2 Bg4 21. Rf1
Bxf3 22. gxf3 Qc7 23. Qd2 Rad8 24. Bxd4 Rxd4 25. Rbe1 Red8 26. Rd1 Rxd3 27. Qxd3
Rxd3 28. Rxd3 Bd4 29. f5 Qf4 30. fxg6 hxg6 31. Kg2 Kg7 32. Rfd1 f5 33. Ng3 Kh6
34. Kh1 Qh4 35. Kg2 Qg5 36. h4 Qe7 37. Rh1 Qe5 38. Rhd1 Qe7 39. R3d2 Qe3 40. h5
Qg5 41. hxg6 f4 42. Rh1+ Kxg6 43. Kf1 fxg3 44. Re2 Qf4 45. Kg2 Bf2 46. Rh8 Qc1
47. Rh1 Qf4 48. Rh8 Qc1 49. Rh1 Qf4 50. Re6+ Kg5 51. Re4 Qd2 52. Rg4+ Kf5 53.
Rh5+ Kf6 54. Rd5 Bd4+ 55. Kxg3 Qf2+ 56. Kh3 Qxf3+ 57. Rg3 Qf1+ 58. Kg4 Qe2+ 59.
Rf3+ Ke6 60. Kf4 Be5+ 61. Rxe5+ Qxe5+ 62. Kg4 Qe2 63. Kf4 Qxa2 64. Re3+ Kf6 65.
Ke4 Qg2+ 66. Rf3+ Ke6 67. Kf4 Qh2+ 68. Ke4 Qe5+ 69. Kd3 Qd4+ 70. Ke2 Qb2+ 71.
Kf1 Qc1+ 72. Ke2 Qc2+ 73. Kf1 Qd1+ 74. Kf2 Ke5 75. Re3+ Kd4 76. Re2 {White
resigns} 0-1

[Event "Team 45 45 League T42"]
[Site "Internet Chess Club"]
[Date "2009.08.21"]
[Round "4"]
[White "noblitz-oblige"]
[Black "BrerRabbit"]
[Result "0-1"]
[WhiteElo "1652"]
[BlackElo "1586"]
[Opening "Pirc: classical, h3 system"]
[ECO "B08"]
[Time "10:31:36"]
[TimeControl "2700+45"]

1. e4 d6 2. d4 Nf6 3. Nc3 g6 4. Nf3 Bg7 5. h3 O-O 6. Be3 a6 7. Qd2 b5 8. a3 Nc6
9. Bh6 e5 10. Bxg7 Kxg7 11. d5 Ne7 12. Be2 Ne8 13. h4 h6 14. h5 g5 15. Nxg5 hxg5
16. Qxg5+ Kh7 17. h6 Rg8 18. Qh4 Bd7 19. g4 Ng6 20. Qg3 Qg5 21. f3 Nf4 22. Nd1
f5 23. Ne3 Nxe2 24. Kxe2 f4 25. Qh4 Qxh4 26. Rxh4 fxe3 27. Kxe3 Nf6 28. Rg1 Rg5
29. Rh2 Rag8 30. Ke2 Nh5 31. Rhg2 Nf4+ {White resigns} 0-1

[Event "Team 45 45 League T42"]
[Site "Internet Chess Club"]
[Date "2009.08.22"]
[Round "4"]
[White "bmw2002"]
[Black "SilverBlade"]
[Result "1-0"]
[WhiteElo "1687"]
[BlackElo "1631"]
[Opening "English, 1...Nf6 (Anglo-Indian defense)"]
[ECO "A15"]
[Time "13:10:03"]
[TimeControl "2700+45"]

1. c4 Nf6 2. g3 d6 3. Bg2 g6 4. Nc3 Bg7 5. d3 O-O 6. Bg5 h6 7. Bd2 Bd7 8. Bxb7
Bc6 9. Bxa8 Bxa8 10. Nf3 Qd7 11. e4 Qh3 12. Qe2 Nc6 13. Rb1 Nd7 14. Nd5 Rc8 15.
Bc3 e6 16. Bxg7 Kxg7 17. Nf4 Qg4 18. h3 {Black resigns} 1-0

[Event "Team 45 45 League T42"]
[Site "Internet Chess Club"]
[Date "2009.08.23"]
[Round "4"]
[White "Mudfrog"]
[Black "zepled37"]
[Result "1-0"]
[WhiteElo "1530"]
[BlackElo "1666"]
[Opening "Sicilian: Grand Prix attack"]
[ECO "B23"]
[Time "20:03:52"]
[TimeControl "2700+45"]

1. e4 c5 2. Nc3 Nc6 3. f4 e6 4. Nf3 d5 5. Bb5 Be7 6. exd5 exd5 7. Ne5 Qd6 8. Qf3
Nf6 9. Bxc6+ bxc6 10. d3 Be6 11. b3 Nd7 12. Nxd7 Qxd7 13. Bb2 O-O 14. O-O g6 15.
Rae1 Rfe8 16. Ne2 Bg4 17. Qf2 Bxe2 18. Rxe2 Bf8 19. Rxe8 Rxe8 20. f5 Qe7 21.
fxg6 hxg6 22. Qf6 Qxf6 23. Bxf6 Re2 24. Rf2 Re1+ 25. Rf1 Re6 26. Rf3 Bg7 27.
Bxg7 Kxg7 28. Kf2 d4 29. Rf4 Rf6 30. Kg3 Rxf4 31. Kxf4 Kf6 32. h4 a6 33. g3 g5+
34. hxg5+ Kg6 35. g4 a5 36. a3 c4 37. bxc4 f6 38. gxf6 Kxf6 39. Ke4 Kg5 40. Kxd4
Kxg4 41. Kc5 Kf5 42. Kxc6 Ke5 43. c5 Kd4 44. Kb5 Kd5 45. Kb6 {Black resigns} 1-0

[Event "Team 45 45 League T42"]
[Site "Internet Chess Club"]
[Date "2009.08.22"]
[Round "4"]
[White "LeanSixSigma"]
[Black "CoasterBrake"]
[Result "0-1"]
[WhiteElo "1304"]
[BlackElo "1215"]
[Opening "Caro-Kann: classical variation"]
[ECO "B18"]
[Time "12:00:36"]
[TimeControl "2700+45"]

1. e4 c6 2. d4 d5 3. Nc3 dxe4 4. Nxe4 Bf5 5. Ng3 Bg6 6. Nf3 e6 7. Bd3 Bxd3 8.
Qxd3 Be7 9. O-O Nd7 10. Nh5 Bf6 11. Bf4 g6 12. Nxf6+ Ngxf6 13. Ne5 O-O 14. Bg5
Nxe5 15. Qg3 Ned7 16. h4 Ne4 17. Bxd8 Nxg3 18. fxg3 Raxd8 19. Rf4 e5 20. Re4
exd4 21. Rxd4 Rfe8 22. Rad1 Re7 23. Kh2 Kf8 24. h5 Ke8 25. hxg6 fxg6 26. Rf1 Ne5
27. Rdf4 Rf7 28. Re1 Re7 29. Ref1 Rd2 30. c3 Rxb2 31. Rf8+ Kd7 32. Rd1+ Kc7 33.
Rdd8 Rd7 34. Rc8+ Kb6 35. Rce8 Rf7 36. Rh8 Nf3+ 37. Kh3 Rxa2 38. gxf3 Rf2 39. f4
Rc2 40. Re3 a5 41. Ra8 Kb5 42. Re5+ c5 43. Re3 b6 44. Rae8 Ra7 45. R8e5 a4 46.
R3e4 Rxc3 47. f5 gxf5 48. Rxf5 a3 49. Rff4 a2 {White resigns} 0-1

[Event "Team 45 45 League T42"]
[Site "Internet Chess Club"]
[Date "2009.08.21"]
[Round "4"]
[White "dornoch"]
[Black "Traho"]
[Result "1/2-1/2"]
[WhiteElo "1011"]
[BlackElo "1207"]
[Opening "Caro-Kann defense"]
[ECO "B10"]
[Time "18:01:42"]
[TimeControl "2700+45"]

1. e4 c6 2. Nf3 d5 3. exd5 cxd5 4. Bb5+ Bd7 5. Bxd7+ Nxd7 6. d4 e6 7. Nc3 Bb4 8.
Bd2 Ne7 9. O-O O-O 10. Ne5 f6 11. Nxd7 Qxd7 12. Re1 Nf5 13. Ne2 Bxd2 14. Qxd2 b6
15. Nf4 Rfe8 16. c3 e5 17. dxe5 fxe5 18. Qxd5+ Qxd5 19. Nxd5 Rad8 20. Rad1 Nh4
21. Ne3 Ng6 22. Rxd8 Rxd8 23. Rd1 Rxd1+ 24. Nxd1 Kf7 25. g3 Ke6 26. Ne3 Kd6 27.
Kg2 Ke6 28. Kf3 h6 29. Ke4 Ne7 30. h4 Ng6 31. Kd3 Ne7 32. Kc4 Kd7 33. Nd5 Kd6
34. Nxe7 Kxe7 35. Kd5 Kf6 36. f3 Kf5 37. Kc6 e4 38. fxe4+ Kxe4 39. Kb7 g5 40.
hxg5 hxg5 41. Kxa7 Kf3 42. g4 Kxg4 43. Kxb6 Kf3 44. c4 g4 45. c5 g3 46. c6 g2
47. c7 g1=Q+ 48. Kb7 Qg7 49. a4 Qxb2+ 50. Kc8 Qh8+ 51. Kb7 Qg7 52. a5 Qb2+ 53.
Kc8 Qh8+ 54. Kb7 Qb2+ 55. Kc8 {Game drawn by mutual agreement} 1/2-1/2

[Event "Team 45 45 League T42"]
[Site "Internet Chess Club"]
[Date "2009.08.21"]
[Round "4"]
[White "KingOfHearts"]
[Black "Toalla"]
[Result "0-1"]
[WhiteElo "1273"]
[BlackElo "1273"]
[Opening "Sicilian defense"]
[ECO "B40"]
[Time "19:00:26"]
[TimeControl "2700+45"]

1. e4 c5 2. Nf3 e6 3. Bc4 a6 4. a4 Nc6 5. c3 d5 6. exd5 exd5 7. Be2 Nf6 8. O-O
Be7 9. d4 O-O 10. Re1 Re8 11. Bg5 h6 12. Bh4 Bf5 13. Bxf6 Bxf6 14. dxc5 b6 15.
cxb6 Qxb6 16. b4 Nxb4 17. a5 Qc6 18. Qa4 Qxa4 19. Rxa4 Nc2 20. Rd1 Rxe2 21. Rxd5
Be4 22. Rd2 Rxd2 23. Nfxd2 Bd3 24. c4 Re8 25. h3 Re1+ 26. Kh2 Be5+ 27. g3 Re2
28. Kg1 Nd4 29. Kg2 Bxb1 30. Nxb1 Nb3 31. Rb4 Nc5 32. Kf3 Ra2 33. Kg4 Rxa5 34.
f4 Bd6 35. Rb6 Ne4 36. Kf3 Bc5 37. Rb8+ Kh7 38. Kxe4 f5+ 39. Kd5 Ba7+ 40. Kc6
Bxb8 41. c5 Ba7 42. Nc3 Rxc5+ {White resigns} 0-1

[Event "Team 45 45 League T42"]
[Site "Internet Chess Club"]
[Date "2009.08.23"]
[Round "4"]
[White "ffplayer"]
[Black "kabubi"]
[Result "0-1"]
[WhiteElo "1137"]
[BlackElo "1257"]
[Opening "Benoni defense"]
[ECO "A56"]
[Time "09:01:55"]
[TimeControl "2700+45"]

1. d4 Nf6 2. c4 c5 3. d5 g6 4. Nc3 d6 5. Nf3 b5 6. b3 Bg7 7. e3 O-O 8. Bb2 bxc4
9. bxc4 a6 10. Be2 Bf5 11. Qd2 Nbd7 12. O-O Rb8 13. Nd1 Re8 14. Bd3 Bxd3 15.
Qxd3 e5 16. e4 Nb6 17. Nc3 Qd7 18. Bc1 Na4 19. Nxa4 Qxa4 20. a3 Rb3 21. Qe2 Rc3
22. Bb2 Rxc4 23. Nd2 Qc2 24. Bc1 Rxe4 25. Qd1 Qxd1 26. Rxd1 Rd4 27. Bb2 Rd3 28.
Nf3 Rxd5 29. Rxd5 Nxd5 30. Rd1 Nf4 31. Rxd6 Rb8 32. Rd2 e4 33. g3 Rxb2 34. gxf4
Rxd2 35. Nxd2 f5 36. Kf1 Kf7 37. Nc4 Ke6 38. Ke2 Kd5 39. Nb6+ Kc6 40. Nc4 Kb5
41. Ne5 a5 42. f3 exf3+ 43. Kxf3 Bxe5 44. fxe5 Kc6 45. a4 Kd5 46. Kf4 c4 47. e6
Kxe6 48. Ke3 Kd5 {White resigns} 0-1

[Event "Team 45 45 League T42"]
[Site "Internet Chess Club"]
[Date "2009.08.21"]
[Round "4"]
[White "rgadoury"]
[Black "Newcastler"]
[Result "0-1"]
[WhiteElo "1263"]
[BlackElo "1287"]
[Opening "Sicilian defense"]
[ECO "B40"]
[Time "20:00:43"]
[TimeControl "2700+45"]

1. e4 c5 2. Nf3 e6 3. Nc3 Nc6 4. Bc4 a6 5. O-O Nf6 6. Re1 Qc7 7. d4 cxd4 8. Nxd4
Bd6 9. Nf3 Ne5 10. Nxe5 Bxe5 11. Bd3 Bxh2+ 12. Kh1 Be5 13. Bd2 b5 14. Rb1 h5 15.
Re3 Ng4 16. Rf3 Bd4 17. Qe2 Qh2# {White checkmated} 0-1

[Event "Team 45 45 League T42"]
[Site "Internet Chess Club"]
[Date "2009.08.23"]
[Round "4"]
[White "tourettes"]
[Black "xt"]
[Result "1-0"]
[WhiteElo "1653"]
[BlackElo "1507"]
[Opening "Ruy Lopez: exchange variation"]
[ECO "C68"]
[Time "16:34:48"]
[TimeControl "2700+45"]

1. e4 e5 2. Nf3 Nc6 3. Bb5 a6 4. Bxc6 dxc6 5. h3 Nf6 6. d3 Bd6 7. O-O O-O 8. Be3
h6 9. Nbd2 Qe7 10. Qe2 Bc5 11. Nc4 Nd7 12. a3 b5 13. Na5 Qe6 14. Nh4 Bb6 15. Qd2
c5 16. Nf5 Kh8 17. Nb3 c4 18. dxc4 Bxe3 19. Qxe3 Qxc4 20. Rac1 Nf6 21. Ng3 Bb7
22. Na5 Qa2 23. Nxb7 Qxb2 24. Rfd1 Qa2 25. Qb3 Qxb3 26. cxb3 Rac8 27. Rc6 Rfe8
28. Rxa6 Rb8 29. Nc5 Re7 30. Nf5 Ree8 31. Nd7 Nxd7 32. Rxd7 Rbc8 33. Rxf7 c5 34.
Nd6 {Black resigns} 1-0

[Event "Team 45 45 League T42"]
[Site "Internet Chess Club"]
[Date "2009.08.20"]
[Round "4"]
[White "Berke"]
[Black "MarkNY"]
[Result "0-1"]
[WhiteElo "1595"]
[BlackElo "1661"]
[Opening "Sicilian: dragon, classical attack"]
[ECO "B72"]
[Time "16:30:35"]
[TimeControl "2700+45"]

1. e4 c5 2. Nf3 d6 3. d4 cxd4 4. Nxd4 Nf6 5. Nc3 g6 6. Be2 Bg7 7. Be3 Nc6 8. f3
O-O 9. O-O Bd7 10. a3 a6 11. Qd2 Rc8 12. Rad1 Ne5 13. b3 Re8 14. Nd5 Nxd5 15.
exd5 Rc7 16. Kh1 Qb8 17. c4 Rec8 18. f4 Ng4 19. Bg1 Nf6 20. f5 b5 21. fxg6 hxg6
22. Qf4 Rf8 23. Qe3 Bg4 24. Nf3 bxc4 25. Bxc4 a5 26. Qb6 a4 27. Qa5 axb3 28.
Bxb3 Nd7 29. Ba4 Nc5 30. Bc6 Bd7 31. Bxd7 Nxd7 32. Rb1 Qc8 33. a4 Nc5 34. Qb4
Rb7 35. Qh4 Bf6 36. Ng5 Bxg5 37. Qxg5 Rxb1 38. Rxb1 Qf5 39. Qxf5 gxf5 40. a5 Ra8
41. Re1 Kf8 42. Bxc5 dxc5 43. Ra1 Ke8 44. Kg1 Kd7 45. Kf2 Kd6 46. Ke3 Kxd5 47.
Rd1+ Kc6 48. Ra1 e5 49. h4 f6 50. g3 c4 51. a6 Kc5 52. a7 Kb6 53. h5 Kb5 54.
Rb1+ Ka4 55. Ra1+ Kb3 56. h6 c3 57. h7 c2 58. h8=Q Rxh8 59. a8=Q Rxa8 60. Rxa8
c1=Q+ 61. Kd3 Qc4+ 62. Ke3 Qe4+ 63. Kd2 Qxa8 64. Ke3 Qe4+ 65. Kd2 f4 66. gxf4
Qxf4+ 67. Kd3 Qd4+ 68. Ke2 f5 69. Kf3 Qe4+ 70. Kf2 Qd3 71. Ke1 Qc2 72. Kf1 Kc3
73. Ke1 Kd3 74. Kf1 Ke3 75. Ke1 Qe2# {White checkmated} 0-1

[Event "Team 45 45 League T42"]
[Site "Internet Chess Club"]
[Date "2009.08.22"]
[Round "4"]
[White "john-beebs"]
[Black "arjun"]
[Result "0-1"]
[WhiteElo "1498"]
[BlackElo "1522"]
[Opening "Scandinavian (center counter) defense"]
[ECO "B01"]
[Time "16:30:42"]
[TimeControl "2700+45"]

1. e4 d5 2. exd5 Qxd5 3. Nf3 Bg4 4. Be2 Nf6 5. Nc3 Qa5 6. O-O c6 7. Re1 e6 8. h3
Bh5 9. d4 Nbd7 10. Be3 Bb4 11. Qd2 Bxc3 12. bxc3 O-O 13. a4 Ne4 14. Qc1 Nxc3 15.
Bd2 Nxe2+ 16. Kf1 Nxc1 17. Bxa5 Bxf3 18. gxf3 b6 19. Bd2 Nd3 20. cxd3 Nf6 21.
Rac1 Rac8 22. a5 Rfd8 23. axb6 axb6 24. Rc4 b5 25. Rb4 Rd5 26. Rc1 Rh5 27. Kg2
Nd5 28. Rb3 Rc7 29. Kh2 Rh4 30. Ba5 Nf4 31. Kg3 g5 32. Rc2 f5 33. Kh2 Rxh3+ 34.
Kg1 Ra7 35. Ra2 Rxf3 36. Rba3 Rxd3 37. Rxd3 Nxd3 38. Ra3 {White resigns} 0-1

[Event "Team 45 45 League T42"]
[Site "Internet Chess Club"]
[Date "2009.08.24"]
[Round "4"]
[White "milesotoole"]
[Black "crankn8tr"]
[Result "1-0"]
[WhiteElo "1293"]
[BlackElo "1516"]
[Opening "Queen's pawn game, Krause variation"]
[ECO "D02"]
[Time "22:00:09"]
[TimeControl "2700+45"]

1. d4 d5 2. Nf3 c5 3. e3 Nc6 4. c3 Nf6 5. Bd3 Bg4 6. Nbd2 e6 7. O-O Bd6 8. Qc2
c4 9. Be2 O-O 10. e4 dxe4 11. Nxe4 Nxe4 12. Qxe4 Bf5 13. Qh4 Qxh4 14. Nxh4 b5
15. Nxf5 exf5 16. Bf3 Rac8 17. Re1 Ne7 18. Bd2 Ng6 19. b3 h6 20. bxc4 bxc4 21.
Rab1 Rb8 22. Bd5 Rxb1 23. Rxb1 Re8 24. Bxc4 Rc8 25. Ba6 Rc6 26. Bb7 Rc7 27. Bf3
Ne7 28. Rb7 Rxb7 29. Bxb7 Kf8 30. g3 Ke8 31. Kf1 Kd7 32. Ke2 Kc7 33. Bf3 Kb6 34.
c4 Ba3 35. Kd3 g5 36. g4 Kc7 37. c5 fxg4 38. Bxg4 Nc6 39. f4 f6 40. d5 Nd8 41.
Kc4 Nb7 42. fxg5 fxg5 43. Be3 a6 44. d6+ Kd8 45. Kd5 Ke8 46. Kc6 Na5+ 47. Kc7
{Black resigns} 1-0

[Event "Team 45 45 League T42"]
[Site "Internet Chess Club"]
[Date "2009.08.23"]
[Round "4"]
[White "SugarIslander"]
[Black "vaknight"]
[Result "0-1"]
[WhiteElo "1701"]
[BlackElo "1712"]
[Opening "Dutch with c4 & Nc3"]
[ECO "A85"]
[Time "15:00:08"]
[TimeControl "2700+45"]

1. d4 f5 2. c4 Nf6 3. Nc3 e6 4. e3 Be7 5. Bd3 O-O 6. Nge2 c6 7. O-O Na6 8. a3
Nc7 9. b4 d6 10. Bb2 Bd7 11. Qc2 d5 12. Ng3 Qe8 13. Rac1 Rc8 14. f3 h5 15. Rfe1
h4 16. Nf1 dxc4 17. Bxc4 Ncd5 18. e4 fxe4 19. fxe4 Nf4 20. Ne2 N6h5 21. e5 Bg5
22. Rcd1 Nd5 23. Bc1 Qe7 24. Rd3 Be8 25. Bxg5 Qxg5 26. Qd2 Nhf4 27. Nxf4 Nxf4
28. Bxe6+ Nxe6 29. Qxg5 Nxg5 30. d5 cxd5 31. Rxd5 Bc6 32. Rd6 Rce8 33. e6 Rf6
34. b5 Bxb5 35. Rd5 Bxf1 36. Rxg5 Bc4 37. Rg4 Rexe6 38. Rc1 Bb5 39. h3 Bc6 40.
Rxh4 Re2 41. Rg4 Rff2 42. Rc3 Bxg2 43. Rc1 Bc6 44. h4 Rh2 45. Kf1 Ra2 46. Rd1
Rh1+ 47. Rg1 Bg2+ {White resigns} 0-1

[Event "Team 45 45 League T42"]
[Site "Internet Chess Club"]
[Date "2009.08.23"]
[Round "4"]
[White "Kallistos"]
[Black "oldsj"]
[Result "1-0"]
[WhiteElo "1700"]
[BlackElo "1631"]
[Opening "two knights defense: Fritz variation"]
[ECO "C57"]
[Time "13:00:37"]
[TimeControl "2700+45"]

1. e4 e5 2. Nf3 Nc6 3. Bc4 Nf6 4. Ng5 d5 5. exd5 Nd4 6. d6 Qxd6 7. O-O Bg4 8.
Bxf7+ Ke7 9. f3 Bf5 10. Bb3 Qc5 11. Kh1 Bxc2 12. Bxc2 Nxc2 13. d4 Nxd4 14. f4
exf4 15. Re1+ Kd7 16. Ne6 Qb6 17. Nxd4 Bd6 18. Nf5 Rae8 19. Nxg7 Rxe1+ 20. Qxe1
Ng4 21. Qe6+ Kc6 22. Qxg4 Qf2 23. Qf3+ Qxf3 24. gxf3 Rg8 25. Ne6 Re8 26. Nd4+
Kd5 27. Ne2 Rxe2 28. Nc3+ {Black resigns} 1-0

[Event "Team 45 45 League T42"]
[Site "Internet Chess Club"]
[Date "2009.08.22"]
[Round "4"]
[White "Berkshires"]
[Black "werty"]
[Result "1/2-1/2"]
[WhiteElo "1589"]
[BlackElo "1567"]
[Opening "French: Rubinstein variation"]
[ECO "C10"]
[Time "08:02:07"]
[TimeControl "2700+45"]

1. e4 e6 2. d4 d5 3. Nc3 dxe4 4. Nxe4 Nd7 5. Nf3 Ngf6 6. Nc3 Be7 7. Be2 O-O 8.
O-O Nd5 9. Nxd5 exd5 10. Re1 Nf6 11. Bg5 Bf5 12. Bd3 Bxd3 13. Qxd3 Re8 14. Re2
Ne4 15. Bxe7 Rxe7 16. Rae1 Qd6 17. Nd2 Rae8 18. Nxe4 Rxe4 19. Rxe4 Rxe4 20. Rxe4
dxe4 21. Qxe4 g6 22. g3 Qb4 23. Qe8+ Kg7 24. Qe5+ Kg8 25. d5 Qc5 26. c3 b5 27.
b3 a5 28. Qe8+ Kg7 29. a3 Qxd5 30. b4 a4 31. Qe3 Qd1+ 32. Kg2 Qd5+ 33. Kg1 Qd1+
34. Kg2 Qd5+ 35. Kh3 Qh5+ 36. Kg2 Qd5+ 37. Kh3 Qh5+ 38. Kg2 Qd5+ {Game drawn by
repetition} 1/2-1/2

[Event "Team 45 45 League T42"]
[Site "Internet Chess Club"]
[Date "2009.08.24"]
[Round "4"]
[White "jacknor"]
[Black "beerss"]
[Result "1-0"]
[WhiteElo "1611"]
[BlackElo "1400"]
[Opening "French: King's Indian attack"]
[ECO "C00"]
[Time "19:01:07"]
[TimeControl "2700+45"]

1. e4 e6 2. d3 d5 3. Nd2 Nf6 4. Qe2 c5 5. g3 dxe4 6. dxe4 Nc6 7. Ngf3 Be7 8. Bg2
e5 9. O-O O-O 10. c3 b6 11. Rd1 Qc7 12. Nc4 a5 13. Bg5 Ba6 14. Bxf6 Bxf6 15. b3
Be7 16. Qc2 Bxc4 17. bxc4 f6 18. Nd2 Rad8 19. Nf1 Bd6 20. Ne3 Ne7 21. Nd5 Nxd5
22. cxd5 b5 23. c4 b4 24. Bh3 Ra8 25. Qa4 Rab8 26. Qc6 Rb6 27. Qxc7 Bxc7 28.
Be6+ Kh8 29. Rab1 Bd6 30. Kf1 Rfb8 31. Rd3 g6 32. Ke2 a4 33. Kd2 b3 34. axb3
axb3 35. Kc3 b2 36. Rd2 Rb3+ 37. Kc2 R3b4 38. Kd3 Rxc4 39. Kxc4 Rb4+ 40. Kc3
Rxe4 41. Rdxb2 c4 42. Rb4 Bxb4+ 43. Rxb4 Rd4 44. Rxc4 Kg7 45. Rxd4 exd4+ 46.
Kxd4 Kf8 47. Kc5 Ke7 48. Kc6 g5 49. Kc7 {Black resigns} 1-0

[Event "Team 45 45 League T42"]
[Site "Internet Chess Club"]
[Date "2009.08.22"]
[Round "4"]
[White "GadsHill"]
[Black "yemisco1"]
[Result "1/2-1/2"]
[WhiteElo "1511"]
[BlackElo "1559"]
[Opening "QGD: semi-Slav"]
[ECO "D31"]
[Time "15:02:07"]
[TimeControl "2700+45"]

1. d4 d5 2. c4 e6 3. Nc3 c6 4. Nf3 Nd7 5. cxd5 exd5 6. Bf4 h6 7. e3 Ngf6 8. Bd3
Bb4 9. O-O g5 10. Bg3 Bxc3 11. bxc3 Ne4 12. Qc2 f5 13. Ne5 Ndf6 14. c4 Be6 15.
f3 Nxg3 16. hxg3 Qc8 17. c5 Rg8 18. Rab1 h5 19. Rb2 Rg7 20. Rfb1 g4 21. Kf2 Rb8
22. Qa4 gxf3 23. gxf3 Qc7 24. Qxa7 Nd7 25. Rxb7 Rxb7 26. Rxb7 Qc8 27. Nxd7 Rxd7
28. Rxd7 Bxd7 29. a4 Qd8 30. Qb6 Qg5 31. Qb8+ Kf7 32. Qf4 Qg6 33. a5 Bc8 34. a6
Bxa6 35. Bxa6 Ke7 36. Qd6+ Qxd6 37. cxd6+ Kxd6 38. Kg2 c5 39. dxc5+ Kxc5 40. Bc8
d4 41. exd4+ Kxd4 42. Bxf5 Ke3 43. Be4 Kd4 44. Kh3 Ke5 45. Kh4 Kf6 46. Kxh5 Ke5
47. Kg5 Ke6 48. Kg6 Ke7 49. g4 Kf8 50. Kh7 Kf7 51. g5 Ke6 52. g6 Kf6 53. g7 Kg5
54. g8=Q+ Kf4 55. Ba8 Ke3 56. f4 Kxf4 57. Qe6 Kg5 58. Kg7 Kf4 59. Kg6 Kg3 60.
Qf5 Kh4 61. Qf4+ Kh3 62. Kg5 {Black stalemated} 1/2-1/2

[Event "Team 45 45 League T42"]
[Site "Internet Chess Club"]
[Date "2009.08.24"]
[Round "4"]
[White "Aquaman"]
[Black "wrimle"]
[Result "0-1"]
[WhiteElo "1356"]
[BlackElo "1484"]
[Opening "Dutch: Staunton gambit"]
[ECO "A82"]
[Time "15:00:11"]
[TimeControl "2700+45"]

1. d4 f5 2. e4 fxe4 3. Qh5+ g6 4. Qe5 Nf6 5. Bg5 Nc6 6. Qd5 Bg7 7. Qc4 d5 8. Qe2
Nxd4 9. Qd2 Nc6 10. Nc3 O-O 11. Bxf6 Bxf6 12. Nxd5 Bxb2 13. Rd1 Bg4 14. Be2 Bxe2
15. Qxe2 Bd4 16. Ne3 Qc8 17. Qc4+ Rf7 18. Rxd4 Nxd4 19. Qxd4 Qe6 20. Nc4 Qf6 21.
Qe3 Qa1+ 22. Ke2 Raf8 23. Qc5 Rxf2+ 24. Ke3 Qc3+ 25. Kxe4 R2f4+ 26. Kd5 R8f5+
27. Ne5 Qxe5# {White checkmated} 0-1

[Event "Team 45 45 League T42"]
[Site "Internet Chess Club"]
[Date "2009.08.25"]
[Round "4"]
[White "cobra2008"]
[Black "nozmov"]
[Result "1-0"]
[WhiteElo "1555"]
[BlackElo "1379"]
[Opening "French: classical, Alapin variation"]
[ECO "C14"]
[Time "09:46:08"]
[TimeControl "2700+45"]

1. e4 e6 2. d4 d5 3. Nc3 Nf6 4. Bg5 Be7 5. e5 Nfd7 6. Bxe7 Qxe7 7. Nb5 Nb6 8. a4
a6 9. a5 axb5 10. axb6 Rxa1 11. Qxa1 cxb6 12. Bxb5+ Bd7 13. Bxd7+ Qxd7 14. Nf3
O-O 15. O-O Rc8 16. c3 Na6 17. Qb1 h6 18. Qd3 b5 19. Nd2 Qc6 20. Rc1 b4 21. h3
b5 22. Nb3 Qc4 23. Qd1 Qc7 24. Nc5 Nxc5 25. cxb4 Qb7 26. bxc5 Rc6 27. b4 Kf8 28.
Ra1 Ra6 29. Ra5 Rxa5 30. bxa5 Ke7 31. Qa1 Qa6 32. Qc3 Kd7 33. f4 Kc6 34. Kf2 h5
35. Qb4 f5 36. exf6 gxf6 37. Qe1 Kd7 38. Kg3 b4 39. Qxb4 Qd3+ 40. Kh4 Qg6 41. a6
e5 42. a7 exf4 43. Qb7+ Ke6 44. Qc6+ Ke7 45. Qd6+ {Black resigns} 1-0

[Event "Team 45 45 League T42"]
[Site "Internet Chess Club"]
[Date "2009.08.22"]
[Round "4"]
[White "kabubi"]
[Black "sdcohle"]
[Result "1/2-1/2"]
[WhiteElo "1245"]
[BlackElo "1368"]
[Opening "Ruy Lopez: Möller defense"]
[ECO "C70"]
[Time "22:00:18"]
[TimeControl "2700+45"]

1. e4 e5 2. Nf3 Nc6 3. Bb5 a6 4. Ba4 Bc5 5. O-O Nf6 6. Nxe5 Nxe5 7. d4 Bd6 8.
dxe5 Bxe5 9. Re1 O-O 10. Nd2 b5 11. Bb3 c6 12. Nf3 d6 13. c4 Be6 14. cxb5 cxb5
15. Nxe5 dxe5 16. Bxe6 Qxd1 17. Rxd1 fxe6 18. f3 Rf7 19. Rd6 Re7 20. Be3 h6 21.
Bc5 Nd7 22. Bb4 a5 23. Bd2 b4 24. b3 Rc8 25. Rc1 Rd8 26. Rc5 Nxc5 27. Rxd8+ Kf7
28. Ra8 Nb7 29. Be3 Rd7 30. Bb6 Rd6 31. Bc7 Rc6 32. Bxe5 Nc5 33. Rxa5 Nd3 34.
Ra7+ Ke8 35. Rc7 Nxe5 36. Rxc6 Nxc6 37. f4 Nd4 38. Kf2 Kf7 39. Ke3 Nc6 40. g4 g6
41. h4 e5 42. f5 gxf5 43. exf5 Kf6 44. Ke4 Ne7 45. h5 Nc6 46. Kd5 Nd4 47. Ke4
Nc6 48. Kd5 Nd4 49. Ke4 Nc6 {Game drawn by repetition} 1/2-1/2